 Dungeon Crawl Stone Soup version 0.15.0-13-gb296d5c (webtiles) character file.

182 Kashira the Sneak (level 5, -1/44 HPs)
             Began as a Naga Enchanter on Sept 3, 2014.
             Killed by divine providence
             ... invoked by an orc priest
              (13 damage)
             ... on Level 3 of the Dungeon.
             The game lasted 00:14:33 (3114 turns).

Kashira the Sneak (Naga Enchanter)                  Turns: 3114, Time: 00:14:33

HP  -1/44        AC  3     Str 11      XL: 5   Next: 62%
MP   1/11        EV 10     Int 15      God:
Gold 120         SH  0     Dex 12      Spells:  2 memorised,  6 levels left

rFire  . . .     SeeInvis +     a - +1 dagger
rCold  . . .     Clarity  .     p - +0 leather armour
rNeg   . . .     rCorr    .     (no shield)
rPois  +         rRot     .     (no helmet)
rElec  .         Spirit   .     (no cloak)
SustAb .         Warding  .     (no gloves)
rMut   .         Stasis   .     (no barding)
Gourm  .                        r - cursed amulet of inaccuracy
MR     .....                    (no ring)
                                (no ring)

@: short of breath, very slightly contaminated, very slow, not resistant to
hostile enchantments, fairly stealthy
A: spit poison, see invisible, deformed body, poison resistance, slowness 2, AC
+1
a: Spit Poison


You were on level 3 of the Dungeon.
You were very hungry.

You visited 1 branch of the dungeon, and saw 3 of its levels.

You collected 120 gold pieces.

Inventory:

Hand weapons
 a - a +1 dagger (weapon)
Armour
 b - a +1 robe
 p - a +0 leather armour (worn)
Magical devices
 l - a wand of random effects (17)
Comestibles
 d - a bread ration
 t - 5 fruits
Scrolls
 e - 2 scrolls of remove curse {unknown}
 f - a scroll of enchant weapon {unknown}
 g - 3 scrolls of identify
 i - a scroll of random uselessness {unknown}
 k - 2 scrolls of amnesia {unknown}
 n - a scroll of magic mapping {unknown}
 o - a scroll of fear {unknown}
Jewellery
 r - a cursed amulet of inaccuracy (around neck)
Potions
 h - a potion of degeneration {unknown}
 m - a potion of heal wounds {unknown}
 q - a potion of poison {unknown}
 u - a potion of cancellation {unknown}
Books
 c - a book of Maledictions

   Spells                             Type                      Level
   *Corona                            Hexes                        1
   Sure Blade                         Hexes/Charms                 2
   Ensorcelled Hibernation            Hexes/Ice                    2
   Confuse                            Hexes                        3
   *Dazzling Spray                    Conjuration/Hexes            3
   Enslavement                        Hexes                        4


   Skills:
 + Level 1.0 Fighting
 - Level 1.0 Short Blades
 + Level 0.7 Armour
 + Level 2.3 Dodging
 - Level 4.6 Stealth
 + Level 3.3 Spellcasting
 + Level 1.4 Conjurations
 + Level 3.9 Hexes


You had 6 spell levels left.
You knew the following spells:

 Your Spells              Type           Power        Failure   Level  Hunger
a - Corona                Hex            ##.....      4%          1    None
b - Dazzling Spray        Conj/Hex       ##......     24%         3    ###....


Dungeon Overview and Level Annotations

Branches:
Dungeon (3/15)

Altars:


Innate Abilities, Weirdness & Mutations

You cannot wear boots.
You can spit poison.
Your serpentine skin is tough (AC +1).
You have supernaturally acute eyesight.
Armour fits poorly on your strangely shaped body.
Your system is resistant to poisons.
You cover ground very slowly.


Message History

The orc priest hits you but does no damage.
Use which ability? (? or * to list)
Press: ? - help, Shift-Dir - straight line, f/p - orc priest
Aim: an orc priest, wielding a mace and wearing a leather armour (lightly wounded)
The splash of poison hits the orc priest.
The orc priest is severely wounded.
You feel slightly more hungry.
The orc priest calls down the wrath of Beogh upon you.
Pain shoots through your body!
You hit the orc priest.
The orc priest is severely wounded.
The orc priest hits you with a mace!
* * * LOW HITPOINT WARNING * * *
Drink which item? (? for menu, Esc to quit)
You feel better. The orc priest closely misses you.
You miss the orc priest.
The orc priest is severely wounded.
The orc priest calls down the wrath of Beogh upon you.
Something smites you!
You die...

##############
.............##
############..# ##.# ###
### .... .....
##################.......
................@o...%..$
##################.......
..... .... ... ###### .
>..%.# ####.# ..#


You could see an orc priest.

Vanquished Creatures
  An orc priest (D:3)
  Ijyb (D:3)
  4 adders
  3 gnolls
  A worm (D:3)
  A giant gecko (D:1)
  An ooze (D:3)
  3 orcs
  A giant cockroach (D:1)
  8 hobgoblins
  4 jackals (D:1)
  2 ball pythons
  10 bats
  2 giant newts
  7 goblins
  12 kobolds
  2 quokkas (D:2)
  5 rats
68 creatures vanquished.

Notes
Turn   | Place    | Note
--------------------------------------------------------------
     0 | D:1      | Kashira, the Naga Enchanter, began the quest for the Orb.
     0 | D:1      | Reached XP level 1. HP: 15/15 MP: 3/3
   273 | D:1      | Reached XP level 2. HP: 4/22 MP: 4/4
  1091 | D:1      | Reached XP level 3. HP: 28/28 MP: 3/6
  1096 | D:1      | Learned a level 3 spell: Dazzling Spray
  1793 | D:2      | Reached XP level 4. HP: 34/36 MP: 0/8
  2392 | D:3      | Reached XP level 5. HP: 10/43 MP: 2/11
  2577 | D:3      | Reached skill level 1 in Conjurations
  2764 | D:3      | Noticed Ijyb
  2865 | D:3      | Killed Ijyb
  3096 | D:3      | Reached skill level 1 in Fighting
  3114 | D:3      | Killed from afar by an orc priest

Action                   |  1- 3 |  4- 6 || total
-------------------------+-------+-------++-------
Melee: Dagger            |    61 |    70 ||   131
 Cast: Corona            |    10 |       ||    10
       Dazzling Spray    |     9 |    20 ||    29
 Abil: Spit Poison       |    39 |    46 ||    85
Evoke: Wand              |       |     1 ||     1
  Use: Potion            |       |     3 ||     3
       Scroll            |       |     1 ||     1
 Stab: Invisible         |       |     2 ||     2
  Eat: Chunk             |     6 |     5 ||    11
       Bread ration      |       |     1 ||     1
